TOP OF THE 1ST |
Hartford Yard Goats batting - Pitching for South Bend Cubs : RHP Arnaldo Cardamenho
|
Pitching: RHP Arnaldo Cardamenho
|
|
Batting: LHB Glenn Lowther
|
0-0: SOLO HOME RUN (Flyball, 9D, EV 99.4 MPH), Distance : 397 ft
|
Batting: LHB Bill McGregor
|
0-0: Foul Ball, location: 2F 0-1: SOLO HOME RUN (Flyball, 78XD, EV 109.4 MPH), Distance : 406 ft
|
Batting: LHB Greg Valenzuela
|
0-0: Called Strike 0-1: Ball 1-1: Swinging Strike 1-2: Ball 2-2: Foul Ball, location: 2F 2-2: Foul Ball, location: 2F 2-2: Ball 3-2: Foul Ball, location: 2F 3-2: Base on Balls
|
Batting: LHB Jeremy Brammer
|
0-0: Called Strike 0-1: Called Strike Greg Valenzuela steals 2nd base 0-2: Ball 1-2: Foul Ball, location: 2F 1-2: Ball 2-2: Foul Ball, location: 2F 2-2: Ball 3-2: Base on Balls
|
Batting: RHB Chris Tatum
|
0-0: Ball 1-0: Called Strike 1-1: SINGLE (Line Drive, 78S, EV 103.1 MPH) Greg Valenzuela to third Jeremy Brammer to second
|
Pitching: RHP Harry Poindexter
|
|
Batting: RHB Tyler Stebbins
|
0-0: Called Strike 0-1: Swinging Strike 0-2: Ball 1-2: Ball 2-2: Strikes out swinging
|
Batting: RHB Justin Pellman
|
0-0: Ball 1-0: Ball 2-0: Called Strike 2-1: Called Strike 2-2: Ball 3-2: Foul Ball, location: 2F 3-2: Foul Ball, location: 2F 3-2: Strikes out swinging
|
Batting: LHB Zane Kelton
|
0-0: Ball 1-0: Ball 2-0: Ball 3-0: Called Strike 3-1: Fly out, F4 (Line Drive, 4, EV 61.9 MPH)
|
Top of the 1st over - 2 runs, 3 hits, 0 errors, 3 left on base; Hartford 2 - South Bend 0 |
BOTTOM OF THE 1ST |
South Bend Cubs batting - Pitching for Hartford Yard Goats : RHP Gabe Stokes
|
Pitching: RHP Gabe Stokes
|
|
Batting: RHB Mike Savage
|
0-0: Ball 1-0: Ball 2-0: Foul Ball, location: 2F 2-1: Foul Ball, location: 2F 2-2: Strikes out swinging
|
Batting: RHB Brian Gargis
|
0-0: Ball 1-0: Ball 2-0: Called Strike 2-1: Ball 3-1: Called Strike 3-2: Base on Balls
|
Batting: RHB Ryan Walker
|
0-0: Called Strike 0-1: Foul Ball, location: 2F 0-2: Fly out, F7 (Line Drive, 8LD, EV 91.9 MPH)
|
Batting: RHB Jonathan Sotelo
|
0-0: Called Strike 0-1: Fielders Choice at 2nd, 6-4 (Groundball, 6, EV 100.6 MPH)
|
Bottom of the 1st over - 0 runs, 0 hits, 0 errors, 1 left on base; Hartford 2 - South Bend 0 |
TOP OF THE 2ND |
Hartford Yard Goats batting - Pitching for South Bend Cubs : RHP Harry Poindexter
|
Pitching: LHP Andres Lobato
|
|
Batting: RHB John Rodd
|
0-0: Ball 1-0: Ball 2-0: Called Strike 2-1: Ball 3-1: Base on Balls
|
Batting: LHB Glenn Lowther
|
0-0: Ball 1-0: Ball 2-0: Ball 3-0: Base on Balls John Rodd to second
|
Batting: LHB Bill McGregor
|
0-0: Called Strike 0-1: Swinging Strike 0-2: Ball 1-2: Foul Ball, location: 2F 1-2: Foul Ball, location: 2F 1-2: Foul Ball, location: 2F 1-2: Ball 2-2: Foul Ball, location: 2F 2-2: Foul Ball, location: 2F 2-2: Ball 3-2: SINGLE (Line Drive, 4MD, EV 94.4 MPH) John Rodd to third Glenn Lowther to second
|
Pitching: RHP Jose Marrero
|
|
Batting: LHB Greg Valenzuela
|
0-0: Ball 1-0: DOUBLE (Flyball, 78XD, EV 98.1 MPH) John Rodd scores Glenn Lowther scores Bill McGregor to third
|
Batting: LHB Jeremy Brammer
|
0-0: Fly out, F8 (Flyball, 8RM, EV 95.6 MPH) Runner from 3rd tags up, OUT at HOME! 8-2 Greg Valenzuela to third
|
Batting: RHB Chris Tatum
|
0-0: Called Strike 0-1: Ground out 6-3 (Groundball, 6S, EV 67.5 MPH)
|
Top of the 2nd over - 2 runs, 2 hits, 0 errors, 1 left on base; Hartford 4 - South Bend 0 |
BOTTOM OF THE 2ND |
South Bend Cubs batting - Pitching for Hartford Yard Goats : RHP Gabe Stokes
|
Batting: SHB Gabriel Cruz
|
0-0: Ball 1-0: Called Strike 1-1: Ball 2-1: Foul Ball, location: 2F 2-2: Strikes out looking
|
Batting: LHB Mark Huey
|
0-0: Ball 1-0: Fly out, F9 (Flyball, 9S, EV 87.5 MPH)
|
Batting: RHB Khalil Stephens
|
0-0: Called Strike 0-1: Ball 1-1: Foul Ball, location: 2F 1-2: Ball 2-2: Foul Ball, location: 2F 2-2: Strikes out looking
|
Bottom of the 2nd over - 0 runs, 0 hits, 0 errors, 0 left on base; Hartford 4 - South Bend 0 |
TOP OF THE 3RD |
Hartford Yard Goats batting - Pitching for South Bend Cubs : RHP Jose Marrero
|
Batting: RHB Tyler Stebbins
|
0-0: Ball 1-0: Ball 2-0: Ball 3-0: Called Strike 3-1: Called Strike 3-2: SOLO HOME RUN (Flyball, 8LXD, EV 113.1 MPH), Distance : 458 ft
|
Batting: RHB Justin Pellman
|
0-0: Foul Ball, location: 2F 0-1: Ball 1-1: Ball 2-1: Called Strike 2-2: Strikes out swinging
|
Batting: LHB Zane Kelton
|
0-0: Ball 1-0: Ball 2-0: Fly out, F7 (Line Drive, 7S, EV 103.1 MPH)
|
Pitching: RHP Jean-Paul Lefebvre
|
|
Batting: RHB John Rodd
|
0-0: Ball 1-0: Foul Ball, location: 2F 1-1: Swinging Strike 1-2: Strikes out swinging, 2-3 out at first.
|
Top of the 3rd over - 1 run, 1 hit, 0 errors, 0 left on base; Hartford 5 - South Bend 0 |
BOTTOM OF THE 3RD |
South Bend Cubs batting - Pitching for Hartford Yard Goats : RHP Gabe Stokes
|
Batting: RHB Denis Rachin
|
0-0: Called Strike 0-1: Ball 1-1: Foul Ball, location: 2F 1-2: Ball 2-2: Foul Ball, location: 2F 2-2: Ball 3-2: Strikes out looking
|
Batting: SHB Benoît Morin
|
0-0: Ball 1-0: DOUBLE (Line Drive, 5D, EV 103.1 MPH)
|
Batting: RHB Mike Savage
|
0-0: Called Strike Benoît Morin steals 3rd base 0-1: Called Strike 0-2: Ball 1-2: Ball 2-2: Fly out, F8 (Flyball, 8LS, EV 92.5 MPH)
|
Batting: RHB Brian Gargis
|
0-0: Ball 1-0: DOUBLE (Flyball, 8RXD, EV 95.0 MPH) Benoît Morin scores
|
Batting: RHB Ryan Walker
|
0-0: Ball 1-0: Called Strike 1-1: SINGLE (Groundball, 56D, EV 96.3 MPH) Brian Gargis to third Runner from 3rd tries for Home, SAFE, throw by LF to home Ryan Walker to second
|
Batting: RHB Jonathan Sotelo
|
0-0: Fly out, F9 (Flyball, 9LS, EV 96.3 MPH)
|
Bottom of the 3rd over - 2 runs, 3 hits, 0 errors, 1 left on base; Hartford 5 - South Bend 2 |
TOP OF THE 4TH |
Hartford Yard Goats batting - Pitching for South Bend Cubs : RHP Jean-Paul Lefebvre
|
Batting: LHB Glenn Lowther
|
0-0: SINGLE (Line Drive, 56D, EV 98.8 MPH)
|
Batting: LHB Bill McGregor
|
0-0: Ball Glenn Lowther steals 2nd base 1-0: Ball 2-0: Called Strike 2-1: Ball 3-1: 2-RUN HOME RUN (Flyball, 7LD, EV 95.6 MPH), Distance : 359 ft
|
Batting: LHB Greg Valenzuela
|
0-0: Ball 1-0: Called Strike 1-1: Called Strike 1-2: Ball 2-2: Ball 3-2: Ground out U3 (Groundball, 3L, EV 80.6 MPH)
|
Batting: LHB Jeremy Brammer
|
0-0: Called Strike 0-1: Ball 1-1: Ball 2-1: Ball 3-1: SINGLE (Line Drive, 89M, EV 98.1 MPH)
|
Pitching: LHP Jesse Fields
|
|
Batting: RHB Chris Tatum
|
0-0: Foul Ball, location: 2F 0-1: Ball 1-1: Ball Wild Pitch! Jeremy Brammer to second 2-1: Ball 3-1: Base on Balls
|
Batting: RHB Tyler Stebbins
|
0-0: Called Strike 0-1: Ball 1-1: Ball 2-1: DOUBLE (Line Drive, 89XD, EV 100.6 MPH) Jeremy Brammer scores Chris Tatum to third Runner from 3rd tries for Home, SAFE, no throw by CF
|
Batting: RHB Justin Pellman
|
0-0: Ball 1-0: Ball 2-0: Ball 3-0: Base on Balls
|
Batting: LHB Zane Kelton
|
0-0: Ground out 5-3 (Groundball, 56S, EV 71.9 MPH) Tyler Stebbins to third Justin Pellman to second
|
Batting: RHB John Rodd
|
0-0: Ball 1-0: Called Strike 1-1: Ball 2-1: Ball 3-1: Foul Ball, location: 2F 3-2: Base on Balls
|
Pitching: RHP Jose Ramirez
|
|
Batting: LHB Glenn Lowther
|
0-0: Ball 1-0: Ball 2-0: Foul Ball, location: 2F 2-1: Ball 3-1: Base on Balls Tyler Stebbins scores Justin Pellman to third John Rodd to second
|
Batting: LHB Bill McGregor
|
0-0: Called Strike 0-1: Called Strike 0-2: Strikes out swinging
|
Top of the 4th over - 5 runs, 4 hits, 0 errors, 3 left on base; Hartford 10 - South Bend 2 |
BOTTOM OF THE 4TH |
South Bend Cubs batting - Pitching for Hartford Yard Goats : RHP Gabe Stokes
|
Batting: SHB Gabriel Cruz
|
0-0: Called Strike 0-1: Foul Ball, location: 2F 0-2: Ball 1-2: Ball 2-2: Ball 3-2: Fly out, F8 (Flyball, 78D, EV 105.6 MPH)
|
Batting: LHB Mark Huey
|
0-0: Ball 1-0: Ground out U3 (Groundball, 34, EV 104.4 MPH)
|
Batting: RHB Khalil Stephens
|
0-0: Called Strike 0-1: Called Strike 0-2: Ball 1-2: Strikes out swinging
|
Bottom of the 4th over - 0 runs, 0 hits, 0 errors, 0 left on base; Hartford 10 - South Bend 2 |
TOP OF THE 5TH |
Hartford Yard Goats batting - Pitching for South Bend Cubs : RHP Jose Ramirez
|
Batting: LHB Greg Valenzuela
|
0-0: TRIPLE (Groundball, 3L, EV 106.9 MPH)
|
Batting: LHB Jeremy Brammer
|
0-0: Called Strike 0-1: Foul Ball, location: 2F 0-2: Ball 1-2: Strikes out swinging
|
Batting: RHB Chris Tatum
|
0-0: Foul Ball, location: 2F 0-1: Foul Ball, location: 2F 0-2: Ball 1-2: Ball 2-2: Ball 3-2: Fly out, F2 (Popup, 3SF, EV 80.0 MPH)
|
Pitching: LHP Colin Scott
|
|
Batting: RHB Tyler Stebbins
|
0-0: Ball 1-0: Ball 2-0: Ground out 6-3 (Groundball, 56D, EV 90.0 MPH)
|
Top of the 5th over - 0 runs, 1 hit, 0 errors, 1 left on base; Hartford 10 - South Bend 2 |
BOTTOM OF THE 5TH |
South Bend Cubs batting - Pitching for Hartford Yard Goats : RHP Gabe Stokes
|
Batting: RHB Denis Rachin
|
0-0: Swinging Strike 0-1: Ball 1-1: Ball 2-1: Fly out, F8 (Flyball, 8LS, EV 79.4 MPH)
|
Batting: SHB Benoît Morin
|
0-0: Foul Ball, location: 2F 0-1: Ball 1-1: Called Strike 1-2: Strikes out swinging
|
Batting: RHB Mike Savage
|
0-0: Ball 1-0: Ball 2-0: Swinging Strike 2-1: Swinging Strike 2-2: Ball 3-2: Strikes out swinging
|
Bottom of the 5th over - 0 runs, 0 hits, 0 errors, 0 left on base; Hartford 10 - South Bend 2 |
TOP OF THE 6TH |
Hartford Yard Goats batting - Pitching for South Bend Cubs : LHP Colin Scott
|
Batting: RHB Justin Pellman
|
0-0: Ball 1-0: Ball 2-0: Called Strike 2-1: Ball 3-1: Base on Balls
|
Batting: LHB Zane Kelton
|
0-0: Called Strike 0-1: Ball 1-1: Ball 2-1: SINGLE (Groundball, 4MD, EV 106.9 MPH) Justin Pellman to second
|
Batting: RHB John Rodd
|
0-0: Swinging Strike 0-1: Foul Ball, location: 2F 0-2: Strikes out swinging
|
Batting: LHB Glenn Lowther
|
0-0: Ball 1-0: Ball 2-0: Called Strike 2-1: Ball 3-1: SINGLE (Groundball, 5D, EV 99.4 MPH) Justin Pellman to third Zane Kelton to second Runner from 3rd tries for Home, SAFE, throw by LF to home
|
Pitching: RHP Miles Edwards
|
|
Batting: LHB Bill McGregor
|
0-0: Ball 1-0: Ball 2-0: Called Strike 2-1: Ball 3-1: Base on Balls Zane Kelton to third Glenn Lowther to second
|
Batting: LHB Greg Valenzuela
|
0-0: Swinging Strike 0-1: Ball 1-1: Ball 2-1: Swinging Strike 2-2: Strikes out swinging
|
Batting: LHB Jeremy Brammer
|
0-0: Ball 1-0: Ball 2-0: Ball 3-0: Base on Balls Zane Kelton scores Glenn Lowther to third Bill McGregor to second
|
Batting: RHB Chris Tatum
|
0-0: Foul Ball, location: 2F 0-1: Ball 1-1: Ground out 5-3 (Groundball, 56, EV 101.3 MPH)
|
Top of the 6th over - 2 runs, 2 hits, 0 errors, 3 left on base; Hartford 12 - South Bend 2 |
BOTTOM OF THE 6TH |
South Bend Cubs batting - Pitching for Hartford Yard Goats : RHP Gabe Stokes
|
Batting: RHB Brian Gargis
|
0-0: Ball 1-0: Swinging Strike 1-1: Called Strike 1-2: Ground out 6-3 (Groundball, 6M, EV 88.8 MPH)
|
Batting: RHB Ryan Walker
|
0-0: Ball 1-0: SINGLE (Line Drive, 6MD, EV 93.8 MPH)
|
Batting: RHB Jonathan Sotelo
|
0-0: Called Strike 0-1: Called Strike 0-2: Ball 1-2: Fly out, F7 (Flyball, 7S, EV 88.1 MPH)
|
Batting: SHB Gabriel Cruz
|
0-0: Foul Ball, location: 2F 0-1: Called Strike 0-2: Strikes out looking
|
Bottom of the 6th over - 0 runs, 1 hit, 0 errors, 1 left on base; Hartford 12 - South Bend 2 |
TOP OF THE 7TH |
Hartford Yard Goats batting - Pitching for South Bend Cubs : RHP Miles Edwards
|
Batting: RHB Tyler Stebbins
|
0-0: Called Strike 0-1: Ball 1-1: Ball 2-1: Ball 3-1: Foul Ball, location: 2F 3-2: Ground out 6-3 (Groundball, 6, EV 83.1 MPH)
|
Pitching: RHP Josh Deyo
|
|
Batting: RHB Justin Pellman
|
0-0: Foul Ball, location: 2F 0-1: Called Strike 0-2: Ball 1-2: Ground out 6-3 (Groundball, 6, EV 79.4 MPH)
|
Batting: LHB Zane Kelton
|
0-0: Ball 1-0: Ball 2-0: Called Strike 2-1: Swinging Strike 2-2: Strikes out swinging
|
Top of the 7th over - 0 runs, 0 hits, 0 errors, 0 left on base; Hartford 12 - South Bend 2 |
BOTTOM OF THE 7TH |
South Bend Cubs batting - Pitching for Hartford Yard Goats : RHP Gabe Stokes
|
Batting: LHB Mark Huey
|
0-0: Ball 1-0: Foul Ball, location: 2F 1-1: Ball 2-1: Ball 3-1: Base on Balls
|
Batting: RHB Khalil Stephens
|
0-0: Called Strike 0-1: Called Strike Mark Huey steals 2nd base (no throw) 0-2: Ball 1-2: DOUBLE (Line Drive, 7LD, EV 105.0 MPH) Mark Huey scores
|
Pitching: LHP Jason Merritt
|
|
Batting: RHB Denis Rachin
|
0-0: Called Strike 0-1: Fly out, F5 (Line Drive, 5, EV 67.5 MPH)
|
Batting: SHB Benoît Morin
|
0-0: Ball 1-0: Called Strike 1-1: Ground out 3-1 (Groundball, 34, EV 107.5 MPH) Khalil Stephens to third
|
Pinch Hitting: RHB David Barnard
|
0-0: Called Strike 0-1: Called Strike 0-2: Reached on error, E6 (Groundball, 6, EV 101.3 MPH) Khalil Stephens scores
|
Pinch Hitting: RHB Brad Santanello
|
0-0: Ball David Barnard steals 2nd base 1-0: DOUBLE (Line Drive, 9LM, EV 91.9 MPH) David Barnard scores
|
Pinch Hitting: LHB Adam Conover
|
0-0: Ball 1-0: Foul Ball, location: 2F 1-1: Swinging Strike 1-2: Hit by Pitch
|
Batting: RHB Jonathan Sotelo
|
0-0: SINGLE (Line Drive, 8LS, EV 99.4 MPH) Brad Santanello to third Adam Conover to second
|
Batting: SHB Gabriel Cruz
|
0-0: Ball 1-0: Ball 2-0: Foul Ball, location: 2F 2-1: Ball 3-1: Called Strike 3-2: Foul Ball, location: 2F 3-2: SINGLE (Groundball, 56D, EV 95.6 MPH) Brad Santanello scores Adam Conover to third Jonathan Sotelo to second Adam Conover scores Jonathan Sotelo to third
|
Pitching: RHP Tony Barragan
|
|
Batting: LHB Mark Huey
|
0-0: Called Strike 0-1: Ball 1-1: Foul Ball, location: 2F 1-2: Fielders Choice at 2nd, 6-4 (Groundball, 6, EV 98.8 MPH)
|
Bottom of the 7th over - 5 runs, 4 hits, 1 error, 2 left on base; Hartford 12 - South Bend 7 |
TOP OF THE 8TH |
Hartford Yard Goats batting - Pitching for South Bend Cubs : RHP Josh Deyo
|
Now at 3B: Adam Conover
|
|
Now in CF: Brad Santanello
|
|
Now in RF: David Barnard
|
|
Batting: RHB John Rodd
|
0-0: Called Strike 0-1: Called Strike 0-2: Fly out, F9 (Flyball, 9D, EV 95.6 MPH)
|
Batting: LHB Glenn Lowther
|
0-0: Called Strike 0-1: Ball 1-1: Ball 2-1: SINGLE (Groundball, 6S, EV 66.3 MPH) (infield hit)
|
Batting: LHB Bill McGregor
|
0-0: Called Strike Glenn Lowther steals 2nd base (no throw) 0-1: Called Strike Glenn Lowther steals 3rd base 0-2: Ball 1-2: Ball 2-2: Foul Ball, location: 2F 2-2: Foul Ball, location: 2F 2-2: Foul Ball, location: 2F 2-2: Ball 3-2: SINGLE (Line Drive, 4D, EV 103.1 MPH) Glenn Lowther scores
|
Batting: LHB Greg Valenzuela
|
0-0: Called Strike 0-1: Called Strike 0-2: Foul Ball, location: 2F 0-2: Ball 1-2: Foul Ball, location: 2F 1-2: Ball 2-2: Foul Ball, location: 2F 2-2: Foul Ball, location: 2F 2-2: Foul Ball, location: 2F 2-2: Ball 3-2: Base on Balls Bill McGregor to second
|
Batting: LHB Jeremy Brammer
|
0-0: Ball 1-0: Fly out, F8 (Flyball, 8LS, EV 71.9 MPH)
|
Batting: RHB Chris Tatum
|
0-0: Fielders Choice at 2nd, 6-4 (Groundball, 6, EV 103.8 MPH)
|
Top of the 8th over - 1 run, 2 hits, 0 errors, 2 left on base; Hartford 13 - South Bend 7 |
BOTTOM OF THE 8TH |
South Bend Cubs batting - Pitching for Hartford Yard Goats : RHP Tony Barragan
|
Batting: RHB Khalil Stephens
|
0-0: Called Strike 0-1: Ball 1-1: Ball 2-1: Foul Ball, location: 2F 2-2: Ground out 1-3 (Groundball, 34S, EV 68.8 MPH)
|
Batting: RHB Denis Rachin
|
0-0: Ball 1-0: SINGLE (Groundball, 56, EV 101.9 MPH)
|
Batting: SHB Benoît Morin
|
0-0: SINGLE (Groundball, 6MS, EV 83.8 MPH) (infield hit) Denis Rachin to second
|
Batting: RHB David Barnard
|
0-0: Ball 1-0: Ball 2-0: Called Strike 2-1: Fly out, F9 (Flyball, 89M, EV 90.0 MPH)
|
Batting: RHB Brad Santanello
|
0-0: Hit by Pitch Denis Rachin to third Benoît Morin to second
|
Batting: LHB Adam Conover
|
0-0: Foul Ball, location: 2F 0-1: Ball 1-1: Ball 2-1: Called Strike 2-2: Foul Ball, location: 2F 2-2: Foul Ball, location: 2F 2-2: Ball 3-2: SINGLE (Groundball, 6D, EV 110.0 MPH) Denis Rachin scores Benoît Morin to third Brad Santanello to second Benoît Morin scores Brad Santanello to third
|
Pitching: LHP Juan Vargas
|
|
Batting: RHB Jonathan Sotelo
|
0-0: Called Strike 0-1: SINGLE (Line Drive, 9LS, EV 106.9 MPH) Brad Santanello scores Adam Conover to second
|
Batting: SHB Gabriel Cruz
|
0-0: Ball 1-0: Called Strike 1-1: Swinging Strike 1-2: DOUBLE (Line Drive, 9LM, EV 106.3 MPH) Adam Conover scores Jonathan Sotelo to third Runner from 3rd tries for Home, SAFE, no throw by RF
|
Batting: LHB Mark Huey
|
0-0: Ball 1-0: Ball 2-0: Called Strike 2-1: Swinging Strike 2-2: Ball 3-2: Strikes out swinging
|
Bottom of the 8th over - 5 runs, 5 hits, 0 errors, 1 left on base; Hartford 13 - South Bend 12 |
TOP OF THE 9TH |
Hartford Yard Goats batting - Pitching for South Bend Cubs : RHP Josh Deyo
|
Batting: RHB Tyler Stebbins
|
0-0: Ball 1-0: Foul Ball, location: 2F 1-1: Ball 2-1: Fly out, F5 (Flyball, 5D, EV 83.1 MPH)
|
Batting: RHB Justin Pellman
|
0-0: Ball 1-0: Ball 2-0: Ball 3-0: Called Strike 3-1: Called Strike 3-2: Foul Ball, location: 2F 3-2: Ground out 3-1 (Groundball, 34, EV 79.4 MPH)
|
Batting: LHB Zane Kelton
|
0-0: Ball 1-0: Swinging Strike 1-1: Called Strike 1-2: Foul Ball, location: 2F 1-2: Strikes out swinging
|
Top of the 9th over - 0 runs, 0 hits, 0 errors, 0 left on base; Hartford 13 - South Bend 12 |
BOTTOM OF THE 9TH |
South Bend Cubs batting - Pitching for Hartford Yard Goats : LHP Juan Vargas
|
Pitching: RHP Tye Dickinson
|
|
Batting: RHB Khalil Stephens
|
0-0: Called Strike 0-1: SINGLE (Groundball, 6MD, EV 98.8 MPH)
|
Batting: RHB Denis Rachin
|
0-0: Ball 1-0: Bunt missed! 1-1: Bunted foul 1-2: Foul Ball, location: 2F 1-2: Ball 2-2: Foul Ball, location: 2F 2-2: Ground out U3 (Groundball, 13, EV 83.1 MPH) Khalil Stephens to second
|
Batting: SHB Benoît Morin
|
0-0: Ball 1-0: Foul Ball, location: 2F 1-1: 2-RUN HOME RUN (Line Drive, 9D, EV 100.6 MPH), Distance : 412 ft
|
Bottom of the 9th over - 2 runs, 2 hits, 0 errors, 0 left on base; Hartford 13 - South Bend 14 |
|
Game Over ... South Bend defeats Hartford, 14 to 13
|
|
|